Map: Dämmertürme

Players

Aegalos - Winner!

  • Race: Protoss Protoss
  • League: Silver

K.I.-1 (Hart)

  • Race: Protoss Protoss

VOD

Have the link to the VOD?

Description

Time

  • Played on: March 12, 2016, 10:24 a.m.
  • Length: 6:26
Show
View Real Time Build Order
Export as new Build Order

Aegalos Protoss - Winner!

Build Orders:  

Get SALT Encoding   

  12  0:00  Probe (Chrono Boost)  
  13  0:11  Probe (Chrono Boost)  
  14  0:18  Pylon  
  14  0:22  Probe (Chrono Boost)  
  15  0:36  Probe (Chrono Boost)  
  16  0:43  Gateway  
  16  0:47  Probe (Chrono Boost)  
  16  0:48  Assimilator  
  17  0:57  Probe (Chrono Boost)  
  18  1:08  Probe (Chrono Boost)  
  20  1:18  Probe (Chrono Boost)  
  20  1:20  Pylon  
  20  1:26  Gateway  
  20  1:32  Cybernetics Core  
  20  1:35  Probe (Chrono Boost)  
  23  1:40  Zealot  
  23  1:46  Probe (Chrono Boost)  
  24  1:51  Gateway  
  24  2:08  Warp Gate (Chrono Boost)  
  24  2:11  Mothership Core  
  26  2:16  Pylon  
  26  2:19  Zealot  
  28  2:23  Zealot  
  28  2:29  Pylon  
  30  2:41  Zealot  
  32  2:48  Gateway  
  32  3:03  Zealot x2  
  36  3:12  Gateway  
  36  3:46  Pylon  
  36  4:01  Stalker x2  
  40  4:03  Stalker x2  
  44  4:15  Pylon  
  44  4:20  Pylon  
  36  4:38  Stalker x2  
  38  4:39  Stalker x2  
  38  4:40  Zealot  
  46  4:59  Pylon  
  46  5:18  Stalker x2, Pylon  
  46  5:20  Zealot x3  
  52  5:41  Zealot x2  
  52  5:42  Zealot x3  
  62  6:20  Zealot x5  
Show
View Real Time Build Order
Export as new Build Order

K.I.-1 (Hart) Protoss 

Build Orders:  

Get SALT Encoding   

  12  0:01  Probe (Chrono Boost)  
  13  0:11  Probe (Chrono Boost)  
  14  0:20  Pylon  
  14  0:22  Probe (Chrono Boost)  
  15  0:38  Probe (Chrono Boost)  
  16  0:47  Assimilator  
  16  0:49  Probe (Chrono Boost), Gateway  
  17  0:59  Probe (Chrono Boost)  
  17  1:00  Pylon  
  18  1:10  Probe (Chrono Boost)  
  19  1:20  Probe (Chrono Boost)  
  20  1:35  Zealot  
  20  1:39  Cybernetics Core  
  22  1:41  Gateway  
  22  1:45  Assimilator  
  22  2:00  Pylon  
  22  2:13  Stalker  
  24  2:20  Warp Gate  
  24  2:26  Zealot  
  26  2:42  Zealot  
  28  2:52  Stalker, Pylon  
  30  3:07  Stalker  
  32  3:21  Stalker  
  34  3:30  Pylon  
  34  3:35  Stalker  
  34  3:40  Probe (Chrono Boost)  
  37  3:50  Adept  
  37  3:52  Probe (Chrono Boost)  
  40  4:00  Forge  
  41  4:04  Adept, Probe (Chrono Boost)  
  43  4:15  Probe (Chrono Boost)  
  43  4:16  Stalker  
  44  4:19  Pylon  
  38  4:27  Probe (Chrono Boost)  
  29  4:39  Zealot  
  29  4:43  Mothership Core (Chrono Boost)  
  29  4:54  Stalker  
  25  5:14  Stalker  
  25  5:17  Pylon  
  19  5:29  Pylon  
Tags
 
League
Silver
Matchup
PvP
Add a new tag
Caveats
  • Supply blocks, unpowered buildings, or Contaminate may cause inaccurate times.
  • Supply counts are checked every 10 seconds.